 Dungeon Sprint DCSS version 0.22-a0-445-g8c8ef71 (webtiles) character file.

1232 raistware the Devastator (level 8, 0/41 HPs)
             Began as a Deep Elf Conjurer on June 2, 2018.
             Was a High Priest of Vehumet.
             Succumbed to a black mamba's poison
             ... in the Dungeon (Sprint IX: "|||||||||||||||||||||||||||||").
             The game lasted 00:10:31 (1229 turns).

raistware the Devastator (Deep Elf Conjurer)        Turns: 1229, Time: 00:10:32

Health: 0/41       AC:  6    Str:  8    XL:     8   Next: 24%
Magic:  10/23      EV: 13    Int: 23    God:    Vehumet [*****.]
Gold:   0          SH:  0    Dex: 15    Spells: 11/25 levels left

rFire    . . .     SeeInvis .   l - staff of energy
rCold    . . .     Gourm    .   (no shield)
rNeg     . . .     Faith    .   a - +0 robe
rPois    .         Spirit   .   o - +0 helmet
rElec    .         Reflect  .   (no cloak)
rCorr    .         Harm     .   (no gloves)
MR       .....     NoTele   +   n - +0 pair of boots
Stlth    ++........             (no amulet)
HPRegen  0.13/turn              q - +3 ring of strength
MPRegen  0.18/turn              p - +2 ring of protection

@: lethally poisoned (0 -> -17), hasted, very quick
A: no striking features
a: Renounce Religion


You were in the Dungeon.
You worshipped Vehumet.
Vehumet was extremely pleased with you.
You were hungry.

You visited 1 branch

Inventory:

Hand Weapons
 m - a +2 scimitar of flaming
Armour
 a - a +0 robe (worn)
 n - a +0 pair of boots (worn)
 o - a +0 helmet (worn)
Magical Staves
 l - an uncursed staff of energy (weapon)
Jewellery
 p - a +2 ring of protection (right hand)
 q - a +3 ring of strength (left hand)
Wands
 k - a wand of acid (5)
Scrolls
 h - 4 scrolls of remove curse
 i - 2 scrolls of amnesia
 r - a scroll of fear
 t - 2 scrolls of blinking
 u - 2 scrolls of enchant armour
 v - a scroll of identify
Potions
 b - 2 potions of berserk rage
 d - 6 potions of curing
 e - 2 potions of heal wounds
 g - 3 potions of magic
 j - a potion of resistance
 s - 2 potions of mutation
Comestibles
 c - a ration


   Skills:
 - Level 2.4 Dodging
 - Level 2.4 Stealth
 + Level 9.0 Spellcasting
 * Level 16.2 Conjurations
 + Level 5.7 Fire Magic
 + Level 5.7 Ice Magic


You had 11 spell levels left.
You knew the following spells:

 Your Spells              Type           Power        Failure   Level  Hunger
a - Magic Dart            Conj           ####         0%          1    None
b - Searing Ray           Conj           ######       0%          2    None
c - Freeze                Ice            ####         1%          1    None
d - Iskenderun's Mystic   Conj           ######..     1%          4    None
e - Force Lance           Conj/Tloc      #####...     1%          4    None
f - Throw Flame           Conj/Fire      ######       1%          2    None

Your spell library contained the following spells:

 Spells                   Type           Power        Failure   Level  Hunger
 Fulminant Prism          Conj/Hex       #####.....   1%          4    None
 Dazzling Spray           Conj/Hex       #####.       1%          3    None


Dungeon Overview and Level Annotations

Branches:
Dungeon (1/1)

Altars:
Cheibriados
Dithmenos
Elyvilon
Fedhas
Gozag
Hepliaklqana
Kikubaaqudgha
Makhleb
Nemelex Xobeh
Okawaru
Qazlal
Ru
Sif Muna
Trog
Uskayaw
Vehumet
Wu Jian
Xom
Yredelemnul
Zin
The Shining One
Beogh
Jiyva
Lugonu

Annotations:
D Maurice


Message History

The acid corrodes the yak!
You kill the yak!
Vehumet accepts your kill.
You feel your power returning.
Your Spellcasting skill increases to level 9!
The bolt of acid misses the black mamba.
The black mamba bites you.
* * * LOW HITPOINT WARNING * * *
You are lethally poisoned!
The black mamba poisons you!
Evoke which item? (* to show all) (? for menu, Esc to quit)
Aiming: Corrosive Bolt
Press: ? - help, Shift-Dir - straight line, f - black mamba
Aim: a black mamba The bolt of acid misses the black mamba.
* * * LOW HITPOINT WARNING * * *
You feel sick. The black mamba barely misses you. The black mamba bites you!
* * * LOW HITPOINT WARNING * * *
You feel yourself speed up.
You die...

▓)▓.▓.▓
▓.▓.▓.▓
▓.▓.▓.▓
▓.▓.▓†▓
▓.▓.▓†▓
▓.▓.▓[▓
▓.▓.▓.▓
▓S▓.▓.▓
▓@▓.▓.▓
▓.▓.▓.▓
▓.▓.▓'▓
▓.▓.▓÷▓
▓.▓.▓.▓
▓.▓.▓)▓
▓...▓<▓
▓▓▓▓▓▓▓


You could see a black mamba.

Vanquished Creatures
  A yak (D)
  A water moccasin (D)
  3 porcupines (D)
  2 orc warriors (D)
  An ogre (D)
  An eye of draining (D)
  3 bullfrogs (D)
  A scorpion (D)
  A crimson imp (D)
  A worker ant (D)
  An adder (D)
  A shadow imp (D)
  A dart slug (D)
  An orc (D)
  2 bat zombies (D)
  A giant cockroach (D)
  A hobgoblin (D)
  2 quokkas (D)
  A frilled lizard (D)
  A giant cockroach zombie (D)
  A rat (D)
28 creatures vanquished.

Notes
Turn   | Place    | Note
-------+----------+-------------------------------------------
     0 | D        | raistware the Deep Elf Conjurer began the quest for the Orb.
     0 | D        | Reached XP level 1. HP: 10/10 MP: 6/6
    11 | D        | Reached skill level 5 in Conjurations
    23 | D        | Reached skill level 6 in Conjurations
   154 | D        | Noticed a scorpion
   154 | D        | Noticed a water moccasin
   156 | D        | Reached XP level 2. HP: 15/15 MP: 5/8
   223 | D        | Found a roughly hewn altar of Beogh.
   223 | D        | Found a snail-covered altar of Cheibriados.
   223 | D        | Found a shadowy altar of Dithmenos.
   223 | D        | Found a white marble altar of Elyvilon.
   223 | D        | Found a blossoming altar of Fedhas.
   223 | D        | Found an opulent altar of Gozag.
   224 | D        | Found a hazy altar of Hepliaklqana.
   225 | D        | Found a viscous altar of Jiyva.
   226 | D        | Found an ancient bone altar of Kikubaaqudgha.
   227 | D        | Found a corrupted altar of Lugonu.
   228 | D        | Found a burning altar of Makhleb.
   229 | D        | Found a sparkling altar of Nemelex Xobeh.
   230 | D        | Found an iron altar of Okawaru.
   231 | D        | Found a stormy altar of Qazlal.
   232 | D        | Found a sacrificial altar of Ru.
   233 | D        | Found a deep blue altar of Sif Muna.
   234 | D        | Found a bloodstained altar of Trog.
   235 | D        | Found a hide-covered altar of Uskayaw.
   236 | D        | Found a radiant altar of Vehumet.
   237 | D        | Found an ornate altar of the Wu Jian Council.
   238 | D        | Found a shimmering altar of Xom.
   239 | D        | Found a basalt altar of Yredelemnul.
   240 | D        | Found a glowing silver altar of Zin.
   241 | D        | Found a glowing golden altar of the Shining One.
   244 | D        | Became a worshipper of Vehumet
   289 | D        | Learned a level 2 spell: Searing Ray
   331 | D        | Killed a scorpion
   331 | D        | Reached skill level 5 in Spellcasting
   331 | D        | Reached skill level 8 in Conjurations
   331 | D        | Reached XP level 3. HP: 18/19 MP: 4/12
   407 | D        | Killed a water moccasin
   407 | D        | Reached skill level 11 in Conjurations
   407 | D        | Reached XP level 4. HP: 19/24 MP: 4/13
   407 | D        | Reached XP level 5. HP: 22/28 MP: 4/15
   408 | D        | Reached * piety under Vehumet
   408 | D        | Offered knowledge of Freeze by Vehumet.
   413 | D        | Learned a level 1 spell: Freeze
   418 | D        | Learned a level 4 spell: Iskenderun's Mystic Blast
   423 | D        | Learned a level 4 spell: Force Lance
   600 | D        | Noticed an orc warrior
   600 | D        | Noticed an eye of draining
   608 | D        | Killed an eye of draining
   608 | D        | Reached skill level 13 in Conjurations
   611 | D        | Reached ** piety under Vehumet
   611 | D        | Offered knowledge of Throw Flame by Vehumet.
   622 | D        | Killed an orc warrior
   622 | D        | Reached skill level 14 in Conjurations
   622 | D        | Reached XP level 6. HP: 14/32 MP: 5/16
   799 | D        | Learned a level 2 spell: Throw Flame
   799 | D        | Noticed an orc warrior
   800 | D        | Offered knowledge of Static Discharge by Vehumet.
   800 | D        | Reached *** piety under Vehumet
   802 | D        | Killed an orc warrior
   805 | D        | Reached XP level 7. HP: 32/36 MP: 14/18
   808 | D        | Reached **** piety under Vehumet
   808 | D        | Reached skill level 15 in Conjurations
   938 | D        | Noticed Maurice
   943 | D        | Paralysed by something for 2 turns
  1204 | D        | Noticed a yak
  1206 | D        | Offered knowledge of Ignite Poison by Vehumet.
  1208 | D        | Noticed a black mamba
  1211 | D        | Reached ***** piety under Vehumet
  1211 | D        | Reached skill level 5 in Fire Magic
  1211 | D        | Reached skill level 5 in Ice Magic
  1211 | D        | Reached XP level 8. HP: 22/41 MP: 6/22
  1211 | D        | Noticed a spiny frog
  1226 | D        | Reached skill level 16 in Conjurations
  1228 | D        | HP: 1/41 [black mamba (9)]
  1229 | D        | Succumbed to a black mamba's poison

Vault maps used:
D:        linesprint

Skill      XL: |  1  2  3  4  5  6  7  8 |
---------------+-------------------------+-----
Conjurations   | 6 8 11 14 15 16 | 16.2
Spellcasting   | 5 6 8 9 |  9.0
Fire Magic     | 2 5 |  5.7
Ice Magic      | 2 5 |  5.7
Dodging        | |  2.4
Stealth        | |  2.4

Action                   |  1- 3 |  4- 6 |  7- 9 || total
-------------------------+-------+-------+-------++-------
Melee: Unarmed           |    13 |       |       ||    13
       Scimitar          |       |     3 |    12 ||    15
       Staff             |       |       |     6 ||     6
 Cast: Magic Dart        |    13 |       |     1 ||    14
       Searing Ray       |     4 |     3 |     3 ||    10
       Iskenderun's Myst |       |     3 |    12 ||    15
Evoke: Wand              |       |     2 |     3 ||     5
  Use: Potion            |     2 |     2 |     1 ||     5
       Scroll            |     1 |     1 |       ||     2
Armor: Robe              |     4 |     2 |     8 ||    14
Dodge: Dodged            |    17 |     6 |    15 ||    38
       Rpst.: Scimitar   |       |     1 |       ||     1

Table legend:
 A = Spawn XP
 B = Non-spawn XP
 C = Spawn XP percentage of total XP
 D = Spawn monster count
 E = Non-spawn monster count
 F = Spawn count percentage of total count
 G = Total turns spent on level
                    A         B        C        D         E        F      G
               +---------+---------+-------+---------+---------+-------+---------
         Total |       0 |    1761 |   0.0 |       0 |      28 |   0.0 |  1229
               +---------+---------+-------+---------+---------+-------+---------
             D |       0 |    1761 |   0.0 |       0 |      28 |   0.0 |  1229
               +---------+---------+-------+---------+---------+-------+---------
